 Dungeon Crawl Stone Soup version 0.27-a0-823-g0efe349 (webtiles) character file.

Game seed: 12129851429673560400

23 2tousent the Ruffian (level 2, 0/23 HPs)
             Began as a Draconian Transmuter on Mar 29, 2021.
             Succumbed to a kobold's poison
             ... on level 1 of the Dungeon.
             The game lasted 00:01:38 (645 turns).

2tousent the Ruffian (Draconian Transmuter)          Turns: 645, Time: 00:01:38

Health: 0/23       AC:  4    Str: 12    XL:     2   Next: 75%
Magic:  5/5        EV: 12    Int: 13    God:
Gold:   46         SH:  0    Dex: 11    Spells: 2/5 levels left

rFire    . . .     SeeInvis .     - Unarmed
rCold    . . .     Faith    .   (no shield)
rNeg     . . .     Spirit   .   (armour unavailable)
rPois    .         Reflect  .   (helmet currently unavailable)
rElec    .         Harm     .   (no cloak)
rCorr    .         Rampage  .   (no gloves)
Will     .....                  (boots currently unavailable)
Stlth    +.........             (no amulet)
HPRegen  0.07/turn              (no ring)
MPRegen  0.09/turn              (no ring)

@: lethally poisoned (0 -> -12), appendages, attractive
A: horns 2, talons 2, AC +4, unfitting armour, cold-blooded
a: End Transformation


You were on level 1 of the Dungeon.
You had temporarily grown beastly horns and talons.
You visited 1 branch of the dungeon, and saw 1 of its levels.

You collected 46 gold pieces.

You aren't carrying anything.


   Skills:
 + Level 1.5 Fighting
 + Level 1.9 Dodging
 * Level 3.3 Unarmed Combat
 + Level 2.1 Spellcasting
 * Level 2.4 Transmutations


You had 2 spell levels left.
You knew the following spells:

 Your Spells              Type           Power      Damage    Failure   Level
a - Beastly Appendage     Tmut           14%        N/A       10%         1
b - Wereblood             Tmut           7%         N/A       14%         2

Your spell library contained the following spells:

 Spells                   Type           Power      Damage    Failure   Level
 Ensorcelled Hibernation  Hex/Ice        2%         N/A       36%         2
 Spider Form              Tmut/Pois      2%         N/A       41%         3
 Conjure Flame            Conj/Fire      1%         6-21      58%         3
 Ozocubu's Armour         Ice            1%         N/A       58%         3
 Ice Form                 Ice/Tmut       4%         N/A       83%         4
 Sticky Flame             Conj/Fire      1%         2d3       94%         4
 Hydra Form               Tmut           3%         N/A       95%         5


Dungeon Overview and Level Annotations

Branches:
Dungeon (1/15)

Altars:

Shops:
D:1 (


Innate Abilities, Weirdness & Mutations

You have temporarily grown beastly horns and talons.
Your plain brown scales are hard. (AC +4)
You cannot fit into any form of body armour.
You are cold-blooded and may be slowed by cold attacks.


Message History

The endoplasm quivers.
The bat barely misses you.
Your horns disappear.
Your talons disappear.
The bat barely misses you. The bat hits you but does no damage.
You hit the bat.
The bat is severely wounded.
The bat hits you. The bat misses you. The endoplasm misses you.
The bat barely misses you. The bat hits you but does no damage.
Casting: Beastly Appendage (safe; 10% risk of failure)
Confirm with . or Enter, or press ? or * to list all spells.
You miscast Beastly Appendage.
You are very lightly contaminated with residual magic.
Nothing appears to happen.
The bat closely misses you.
You hit the bat.
You kill the bat!
Casting: Beastly Appendage (safe; 10% risk of failure)
Confirm with . or Enter, or press ? or * to list all spells.
You grow a pair of large bovine horns.
Your feet morph into talons.
The kobold hits you with a +2 short sword of venom.
You are poisoned.
You hit the kobold.
You kill the kobold!
You feel sick. The endoplasm freezes you.
You are frozen.
* * * LOW HITPOINT WARNING * * *
You feel sick.
It was a potion of magic.
Magic courses through your body.
* * * LOW HITPOINT WARNING * * *
You feel sick.
The endoplasm hits you but does no damage.
It was a potion of attraction.
You feel attractive to monsters.
* * * LOW HITPOINT WARNING * * *
You feel sick. The endoplasm hits you.
* * * LOW HITPOINT WARNING * * *
Your magical contamination has completely faded away.
You die...

. #.# ## .###.# #.
....# #+## #.
..#.# #...# #
#.###[#.##.....
#.#..##.#.#......
##.#...#.#........
#....@.J).........
#.##...#.##.......
#.###..#.# #......
#.#.†....# #.....
#.#.##.### #...#
#.#.##.# #+##
#†.....# #.#
###.#### #.######
#.# ##.##....


You could see an endoplasm.

Vanquished Creatures
  2 dart slugs (D:1)
  3 ball pythons (D:1)
  A giant cockroach (D:1)
  A hobgoblin (D:1)
  A quokka (D:1)
  6 bats (D:1)
  2 frilled lizards (D:1)
  3 kobolds (D:1)
  A rat (D:1)
20 creatures vanquished.

Notes
Turn   | Place    | Note
-------+----------+-------------------------------------------
     0 | D:1      | 2tousent the Draconian Transmuter began the quest for the
                  | Orb.
     0 | D:1      | Reached XP level 1. HP: 16/16 MP: 3/3
   154 | D:1      | Identified Sif Muna's Handbook of Flamy Cold
   161 | D:1      | Found Yzxor's Antique Weapon Boutique.
   253 | D:1      | Reached XP level 2. HP: 16/23 MP: 3/5
   269 | D:1      | Learned a level 2 spell: Wereblood
   644 | D:1      | HP: 1/23 [endoplasm (3)]
   645 | D:1      | Succumbed to a kobold's poison

Illustrated notes

Levels and vault maps discovered:
D:1:      dpeg_arrival_stone_temple_mockup, layout_loops_corners, serial_shops,
          shop, shop, minmay_hexomino_c4

Action                   || total
-------------------------++-------
Melee: Unarmed           ||    47
       Kick              ||    10
       Headbutt          ||     6
       Tailslap          ||     4
 Cast: Beastly Appendage ||    12
  Use: Potion            ||     2
Armor: Skin              ||    27
Dodge: Dodged            ||    42

Table legend: (Time is in decaauts)
 A = Elapsed time spent in this place.
 B = Non-inter-level travel time spent in this place.
 C = Inter-level travel time spent in this place.
 D = Time resting spent in this place.
 E = Time spent auto-exploring this place.
 F = Levels seen in this place.
 G = Mean time per level.
                   A        B        C        D        E       F      G
               +--------+--------+--------+--------+--------+-----+--------+
         Total |    642 |    642 |      0 |      0 |    512 |   1 |  642.0 |
       Dungeon |    642 |    642 |      0 |      0 |    512 |   1 |  642.0 |
               +--------+--------+--------+--------+--------+-----+--------+

Top non-repeatable levels by time:
     D:1: 642 daAuts
